 Dungeon Crawl Stone Soup version 0.32-a0-999-gfa1cc04b1d (webtiles) character file.

Game seed: 7988835333543075842

6065 chippings the Frost Mage (level 10, -3/38 (78) HPs)
             Began as a White Draconian Wanderer on Apr 25, 2024.
             Was an Initiate of Gozag.
             Slain by a wight
             ... wielding a +1 morningstar of draining
              (5 damage)
             ... on level 8 of the Dungeon.
             The game lasted 00:33:12 (8843 turns).

chippings the Frost Mage (White Draconian Wanderer) Turns: 8843, Time: 00:33:13

HP:   -3/38 (78)    AC:  7    Str: 13    XL:     10   Next: 57%
MP:   16/16         EV: 12    Int: 11    God:    Gozag
Gold: 400           SH:  0    Dex: 16    Spells: 6/17 levels left

rFire   . .          .
                       - Unarmed
rCold   + + .        (no shield)
rNeg    . . .        (body armour unavailable)
rPois   +            (helmet currently unavailable)
rElec   +            (cloak currently unavailable)
rCorr   .            (gloves currently unavailable)
SInv    .            (boots currently unavailable)
Will    +++..        G - amulet "Yklaink" {rElec Regen+ Str-4 Dex+5 Stlth+}
Stlth   ++++         j - ring of wizardry
HPRegen 1.06/turn    S - ring of Qear {rPois rC+ Will+++ Int-3 Stlth+}
MPRegen 0.15/turn

%: wizardry (x1)
@: beast-form, extremely drained
A: beast (slay +2), glacial breath, AC +7, unfitting armour, cold resistance 1,
cold-blooded
a: Glacial Breath, Begin Untransformation, Renounce Religion, Potion Petition,
Call Merchant, Bribe Branch


You were on level 8 of the Dungeon.
You worshipped Gozag.
Gozag was aware of your devotion.
You were a hulking beast.
You visited 2 branches of the dungeon, and saw 9 of its levels.
You also visited: Ossuary.

You collected 1734 gold pieces.
You spent 1204 gold pieces at shops.
You paid 130 gold pieces to Gozag.

Inventory:

Hand Weapons
 t - a +3 sling of electrocution
Missiles
 b - 22 boomerangs
 v - 6 poisoned darts
 I - 8 throwing nets (quivered)
Armour
 k - a +0 cloak
 y - a +0 pair of gloves
 z - a +0 kite shield of protection
Magical Staves
 i - a staff of death
 r - a staff of conjuration
Jewellery
 j - a ring of wizardry (left hand)
 G - the amulet "Yklaink" (around neck) {rElec Regen+ Str-4 Dex+5 Stlth+}
   (You bought it in a shop on level 4 of the Dungeon)

   [amulet of regeneration]

   Str-4:     It affects your strength (-4).
   Dex+5:     It affects your dexterity (+5).
   rElec:     It insulates you from electricity.
   Regen+:    It increases your rate of health regeneration.
   Stlth+:    It makes you more stealthy.
 H - a +5 ring of evasion
 M - a ring of see invisible
 O - a +6 ring of intelligence
 R - a ring of positive energy
 S - the ring of Qear (right hand) {rPois rC+ Will+++ Int-3 Stlth+}
   (You bought it in a shop on level 4 of the Dungeon)

   [ring of protection from cold]

   Int-3:     It affects your intelligence (-3).
   rC+:       It protects you from cold.
   rPois:     It protects you from poison.
   Will+++:   It greatly increases your willpower.
   Stlth+:    It makes you more stealthy.
Talismans
 c - a beast talisman (active)
 q - a flux talisman
 E - a maw talisman
Wands
 a - a wand of warping (19)
 w - a wand of flame (18)
 L - a wand of polymorph (8)
 N - a wand of charming (14)
Scrolls
 d - 2 scrolls of silence
 e - 4 scrolls of enchant weapon
 g - a scroll of enchant armour
 h - 2 scrolls of fog {unknown}
 l - 3 scrolls of vulnerability
 m - 4 scrolls of poison
 o - 2 scrolls of fear
 p - a scroll of amnesia
 x - 3 scrolls of teleportation
 A - a scroll of butterflies
 F - a scroll of blinking
 J - a scroll of revelation {unknown}
 P - a scroll of acquirement {unknown}
 Q - 2 scrolls of identify
Potions
 f - 3 potions of curing
 n - a potion of brilliance
 s - 2 potions of mutation
 u - a potion of cancellation
 B - a potion of magic {unknown}
 C - a potion of lignification {unknown}
 D - a potion of haste
 K - a potion of might
 T - a potion of ambrosia {unknown}
 U - a potion of degeneration {unknown}
 V - a potion of heal wounds


   Skills:
 - Level 4.0 Fighting
 + Level 0.0 Staves
 - Level 2.0 Throwing
 - Level 4.0 Dodging
 - Level 1.0 Stealth
 - Level 5.0 Unarmed Combat
 + Level 4.0 Spellcasting
 - Level 8.0 Conjurations
 - Level 5.0 Necromancy
 + Level 9.5 Ice Magic
 - Level 3.0 Air Magic
 + Level 0.0 Evocations
 - Level 5.0 Shapeshifting


You had 6 spell levels left.
You knew the following spells:

 Your Spells              Type           Power      Damage    Failure   Level
a - Kiss of Death         Conj/Necr      64%        2d10      1%          1
b - Curse of Agony        Necr           13%        N/A       32%         5
c - Freezing Cloud        Conj/Ice/Air   8%         6-21      16%         5

Your spell library contained the following spells:

 Spells                   Type           Power      Damage    Failure   Level
 Foxfire                  Conj/Fire      44%        2x1d6     1%          1
 Sublimation of Blood     Necr           13%        N/A       1%          2
 Cigotuvi's Dreadful Rot  Necr/Alch/Air  16%        N/A       4%          2
 Dazzling Flash           Conj/Hex       22%        N/A       6%          3
 Call Imp                 Summ           4%         N/A       14%         2
 Anguish                  Hex/Necr       3%         N/A       32%         4
 Martyr's Knell           Necr/Summ      7%         N/A       32%         4
 Ignite Poison            Fire/Alch      2%         N/A       65%         4
 Starburst                Conj/Fire      5%         6d4       93%         6
 Plasma Beam              Fire/Air       2%         2x1d12    99%         6
 Rimeblight               Ice/Necr       9%         2d5       (prima98%   7
 Summon Hydra             Summ           1%         N/A       100%        7
 Fulsome Fusillade        Conj/Alch      5%         (3-5)d5   100%        8


Dungeon Overview and Level Annotations

Branches:
Dungeon (8/15)             Temple (1/1) D:5         Ossuary (visited)
   Lair: D:8-11

Altars:
Ashenzari
Cheibriados
Dithmenos
Elyvilon
Fedhas
Gozag
Hepliaklqana
Kikubaaqudgha
Makhleb
Nemelex Xobeh
Okawaru
Qazlal
Ru
Sif Muna
Trog
Uskayaw
Vehumet
Wu Jian
Yredelemnul
Zin
The Shining One

Shops:
D:4 *((=(   D:5 *

Annotations:
D:6 1 runed translucent door, Crazy Yiuf


Innate Abilities, Weirdness & Mutations

You are a hulking beast.
Your limbs bulge with bestial killing power. (Slay +2)
You can breathe waves of cold which freeze foes solid.
Your icy white scales are hard. (AC +7)
You cannot fit into any form of body armour.
Your flesh is cold resistant. (rC+)
You are cold-blooded and may be slowed by cold attacks.


Message History

HP restored.
You see here a +0 whip.
There is an open door here.
You now have 388 gold pieces (gained 18).
You now have 393 gold pieces (gained 5).
The howler monkey howls!
The howler monkey hits you.
The howler monkey hoots and howls with incredible vigour!
You hear a shout!
You barely miss the howler monkey. You tail-slap the howler monkey.
The howler monkey is moderately wounded.
The howler monkey barely misses you.
You hit the howler monkey.
The howler monkey is severely wounded.
The howler monkey hits you but does no damage.
You hit the howler monkey.
You kill the howler monkey!
You now have enough gold to petition Gozag for potion effects.
You now have 400 gold pieces (gained 7).
s - 2 potions of mutation (gained 1)
Okay, then.
The wight throws a stone.
The stone hits you. The wight closely misses you.
You hit the wight.
The wight is lightly damaged.
The wight hits you with a +1 morningstar of draining!
You feel drained.
You hit the wight but do no damage.
The wight is lightly damaged.
The wight hits you with a +1 morningstar of draining!
You feel drained. x2
You completely miss the wight.
The wight is lightly damaged.
The wight hits you with a +1 morningstar of draining!
* * * LOW HITPOINT WARNING * * *
You feel drained.
* * * LOW HITPOINT WARNING * * *
You feel drained.
You die...
Your body crumbles into a pile of gold.

######## .###########
#<).[#.. ...........#
#######[#.# ...........+
.......)... ..........#
#######.#.#
#####.....### ###.#.#
......zh....## #...#..
##...........#####'#####
...ß.......ß....#.....=.
#...............#...####
.........'......#...# #
...###.###......#...# #
... #. #......#...# # ..
#. #......#...#
#.........##


You could see a wight.

Vanquished Creatures
  Erica (D:8)
  Pikel (D:7)
  The ghost of dogverified the Shooter, a novice MiHu of Fedhas (D:3)
  Psyche (D:8)
  Grinder (D:6)
  A yak (D:8)
  Menkaure (Ossuary)
  2 water moccasins (D:6)
  3 orc warriors (D:7)
  3 ice beasts
  A sky beast (D:6)
  A black bear (D:6)
  An ogre (D:6)
  A centaur (D:6)
  2 wolves
  A phantom (D:5)
  3 lemures (D:7)
  A bullfrog (D:7)
  2 scorpions
  4 gnoll sergeants
  4 wights
  An electric eel (D:8)
  4 howler monkeys
  5 bombardier beetles
  A wyvern simulacrum (D:8)
  11 hounds
  A jelly (D:4)
  4 gnoll boudas
  6 orc priests
  6 iguanas
  A sleepcap (D:7)
  Terence (D:2)
  8 orc wizards
  3 mummies (Ossuary)
  31 gnolls
  8 adders
  A white imp (D:8)
  3 ufetubi
  4 dart slugs
  3 ribbon worms
  37 orcs
  8 ball pythons
  7 endoplasms
  9 giant cockroaches
  3 gnoll zombies (Ossuary)
  6 hobgoblins
  10 jackals
  5 kobolds
  7 quokkas
  5 bats
  2 frilled lizards
  4 gnoll skeletons (Ossuary)
  8 goblins
  3 goblin skeletons (Ossuary)
  6 goblin zombies (Ossuary)
  A hobgoblin skeleton (Ossuary)
  6 hobgoblin zombies (Ossuary)
  9 kobold skeletons (Ossuary)
  4 kobold zombies (Ossuary)
  4 orc skeletons (Ossuary)
  5 orc zombies (Ossuary)
  7 rats
  4 rat skeletons (Ossuary)
  A rat zombie (Ossuary)
299 creatures vanquished.

Notes
Turn   | Place    | Note
-------+----------+-------------------------------------------
     0 | D:1      | chippings the Draconian Wanderer began the quest for the
                  | Orb.
     0 | D:1      | chippings set off with the following items: a +0 dagger, 8
                  | boomerangs, a beast talisman, a scroll of silence; and the
                  | following spell memorised: Kiss of Death; and the following
                  | spells available to memorise: Anguish, Martyr's Knell.
     0 | D:1      | Reached XP level 1. HP: 14/14 MP: 2/2
    99 | D:1      | Found a faded altar of an unknown god.
   141 | D:1      | Reached XP level 2. HP: 20/20 MP: 3/3
   167 | D:1      | Reached skill level 1 in Unarmed Combat
   537 | D:1      | Reached skill level 1 in Conjurations
   676 | D:1      | Reached XP level 3. HP: 25/26 MP: 4/4
  1123 | D:2      | Reached XP level 4. HP: 33/34 MP: 3/5
  1327 | D:2      | Found a shadowy altar of Dithmenos.
  1327 | D:2      | Noticed Terence
  1357 | D:2      | Killed Terence
  1358 | D:2      | Reached skill level 1 in Fighting
  1850 | D:3      | Reached XP level 5. HP: 32/36 MP: 6/6
  1937 | D:3      | Found a runed translucent gate.
  1937 | D:3      | Found a runed translucent gate.
  1938 | D:3      | Found a runed translucent gate.
  1939 | D:3      | Found an opulent altar of Gozag.
  1939 | D:3      | Noticed dogverified's ghost (novice MiHu)
  2473 | D:3      | Learned a level 5 spell: Curse of Agony
  2608 | D:4      | Found Suhil's Antique Weapon Shop.
  2702 | D:3      | Reached XP level 6. HP: 28/48 MP: 3/7
  2793 | D:4      | Found Umuah's Jewellery Shop.
  2793 | D:4      | Found Guss's Weapon Shop.
  2793 | D:4      | Found Xegast's Weapon Shop.
  3136 | D:3      | Killed dogverified's ghost
  3137 | D:3      | Your scales start taking on an icy white colour.
  3137 | D:3      | Reached XP level 7. HP: 19/57 MP: 2/8
  3137 | D:3      | Gained mutation: Your flesh is cold resistant. (rC+) [White
                  | Draconian growth]
  3166 | D:3      | Became a worshipper of Gozag Ym Sagoz the Greedy
  3305 | D:4      | Found Kukulyask's Neck Hole.
  3500 | D:4      | Reached skill level 5 in Unarmed Combat
  4065 | D:5      | Entered Level 5 of the Dungeon
  4076 | D:5      | Found Iskifouci's General Store.
  4245 | D:4      | Reached skill level 1 in Ice Magic
  4313 | D:5      | Found a sand-covered staircase.
  4318 | Ossuary  | Entered an ossuary
  4745 | Ossuary  | Noticed Menkaure
  4765 | Ossuary  | Killed Menkaure
  4766 | Ossuary  | Reached skill level 2 in Ice Magic
  4766 | Ossuary  | Reached XP level 8. HP: 17/66 MP: 2/11
  5091 | D:5      | Learned a level 5 spell: Freezing Cloud
  5267 | D:5      | Reached skill level 3 in Ice Magic
  5267 | D:5      | Reached skill level 1 in Air Magic
  5267 | D:5      | Reached skill level 5 in Shapeshifting
  5490 | D:4      | Bought the amulet "Yklaink" {rElec Regen+ Str-4 Dex+5
                  | Stlth+} for 537 gold pieces
  5573 | D:5      | Reached skill level 5 in Necromancy
  5689 | D:5      | Reached skill level 1 in Dodging
  5716 | D:5      | Reached skill level 4 in Ice Magic
  5775 | D:5      | Reached XP level 9. HP: 69/71 MP: 12/14
  6228 | D:5      | Found a staircase to the Ecumenical Temple.
  6251 | Temple   | Entered the Ecumenical Temple
  6423 | D:6      | Found a broken altar of Ashenzari.
  6424 | D:6      | Found a shadowy altar of Dithmenos.
  6424 | D:6      | Found a bloodstained altar of Trog.
  6449 | D:6      | Reached skill level 5 in Ice Magic
  6567 | D:6      | Reached skill level 5 in Conjurations
  6659 | D:6      | Reached skill level 6 in Ice Magic
  6740 | D:6      | Noticed Grinder
  6749 | D:6      | Paralysed by Grinder for 3 turns
  6776 | D:6      | Paralysed by Grinder for 3 turns
  6783 | D:6      | Killed Grinder
  6999 | D:6      | Found a runed translucent door.
  7000 | D:6      | Noticed Crazy Yiuf
  7323 | D:7      | Reached skill level 7 in Ice Magic
  7431 | D:4      | Bought the ring of Qear {rPois rC+ Will+++ Int-3 Stlth+}
                  | for 667 gold pieces
  7621 | D:7      | Found a blossoming altar of Fedhas.
  7689 | D:7      | Reached XP level 10. HP: 66/78 MP: 16/16
  7964 | D:7      | Noticed Pikel
  7985 | D:7      | Killed Pikel
  8321 | D:8      | Noticed Psyche
  8324 | D:8      | Killed Psyche
  8325 | D:8      | Reached skill level 8 in Ice Magic
  8364 | D:8      | Noticed Erica
  8374 | D:8      | Killed Erica
  8403 | D:8      | Found a snail-covered altar of Cheibriados.
  8595 | D:8      | Reached skill level 9 in Ice Magic
  8843 | D:8      | HP: 2/41 [wight/+1 morningstar of draining (5)]
  8843 | D:8      | Slain by a wight

Illustrated notes

Levels and vault maps discovered:
D:1:      reono_arrival_mine, layout_basic, hellmonk_ecumenical_altar_run_dry,
          minmay_pentomino_o4
D:2:      layout_loops_cross, basic_altar, uniq_terence
D:3:      layout_loops_cross, ebering_ghost_gozag, minmay_quadrilaterals
D:4:      nicolae_cairo_tiling_large_dashed, layout_basic, serial_corexii_hall,
          chequers_hall_statues_wall_a, chequers_hall_statues_y,
          corexii_hall_statues_l, hangedman_feature_mirror,
          serial_library_regret_index_multi, minmay_gold_behind_fungi,
          minmay_shop_grid_forest, serial_bayou_pond_b,
          minmay_misc_feat_nine_boxes, nicolae_shop_sticking_my_neck_out
D:5:      layout_cave_pools, temple_hall, nicolae_ossuary_entry_plus,
          serial_gnoll_camp, gnoll_camp_mini_house, gnoll_camp_medium_02,
          gnoll_camp_mini_hut, gnoll_camp_huts_basic, gnoll_camp_mini_shop,
          gnoll_camp_mini_doghouse, hangedman_minor_gate_pass
D:6:      layout_cave_pools, chequers_temple_overflow_statue_of_worship,
          nicolae_zig_zag_zippers, uniq_grinder, uniq_crazy_yiuf_cottage
D:7:      layout_gridville, lemuel_tele_altar, lightli_minifort, uniq_pikel
D:8:      layout_basic, amcnicky_altar_gilded, serial_ice, serial_ice_c,
          serial_ice_o, serial_ice_b, serial_ice_n, serial_ice_l, serial_ice_e,
          uniq_erica, uniq_psyche
Temple:   eino_temple_rhombus

Skill      XL: |  1  2  3  4  5  6  7  8  9 10 |
---------------+-------------------------------+-----
Unarmed Combat | 1 2 3 4 5 |  5.0
Throwing       | 2 |  2.0
Conjurations   | 1 2 3 4 6 8 |  8.0
Fighting       | 1 2 3 4 |  4.0
Shapeshifting  | 4 5 |  5.0
Necromancy     | 4 5 |  5.0
Ice Magic      | 2 4 7 9 |  9.5
Spellcasting   | 2 3 4 |  4.0
Air Magic      | 2 3 |  3.0
Dodging        | 1 4 |  4.0
Stealth        | |  1.0

Action                     |  1- 3 |  4- 6 |  7- 9 | 10-12 || total
---------------------------+-------+-------+-------+-------++-------
  Melee: Unarmed           |   147 |   218 |   564 |   141 ||  1070
         Tailslap          |    20 |    16 |    85 |    18 ||   139
         Punch             |       |     6 |    30 |     6 ||    42
  Throw: Throwing net      |       |       |     2 |       ||     2
   Cast: Kiss of Death     |       |     2 |       |       ||     2
         Freezing Cloud    |       |       |     4 |     7 ||    11
         Curse of Agony    |       |       |     4 |       ||     4
Ability: Glacial Breath    |       |       |     5 |       ||     5
  Evoke: Wand              |       |     5 |     9 |       ||    14
    Use: Potion            |       |     6 |     2 |     1 ||     9
         Scroll            |       |     7 |     5 |     1 ||    13
   Stab: Sleeping          |       |     5 |     3 |     2 ||    10
         Distracted        |       |       |     2 |       ||     2
 Armour: Skin              |   106 |   147 |   333 |    99 ||   685
  Dodge: Dodged            |    86 |   101 |   372 |    73 ||   632
   Form: Beast             |     1 |       |       |       ||     1

Table legend: (Time is in decaauts)
 A = Elapsed time spent in this place.
 B = Non-inter-level travel time spent in this place.
 C = Inter-level travel time spent in this place.
 D = Time resting spent in this place.
 E = Time spent auto-exploring this place.
 F = Levels seen in this place.
 G = Mean time per level.
                   A        B        C        D        E       F      G
               +--------+--------+--------+--------+--------+-----+--------+
         Total |   8766 |   8125 |    641 |    463 |   3801 |  10 |  876.6 |
       Dungeon |   8112 |   7471 |    641 |    463 |   3651 |   8 | 1014.0 |
        Temple |      1 |      1 |      0 |      0 |      0 |   1 |    1.0 |
       Ossuary |    652 |    652 |      0 |      0 |    150 |   1 |  652.0 |
               +--------+--------+--------+--------+--------+-----+--------+

Top non-repeatable levels by time:
     D:4: 1527 daAuts
     D:5: 1376 daAuts
     D:3: 1332 daAuts
     D:7: 991 daAuts
     D:6: 866 daAuts
     D:2: 817 daAuts
     D:1: 806 daAuts
 Ossuary: 652 daAuts
     D:8: 395 daAuts
  Temple: 1 daAuts
